Map: King's Cove LE

Players

crunchychewy

  • Race: Zerg Zerg
  • League: Gold
  • Spawn Location: 5:00

Smeeeger - Winner!

  • Race: Zerg Zerg
  • League: Platinum
  • Spawn Location: 11:00

VOD

Have the link to the VOD?

Description

Time

  • Played on: July 24, 2019, 6:44 p.m.
  • Length: 8:28
Show
View Real Time Build Order
Export as new Build Order

crunchychewy Zerg 

Build Orders: Pool First 

Get SALT Encoding   

  12  0:01  Drone  
  13  0:08  Drone  
  14  0:19  Overlord  
  14  0:38  Drone x3  
  17  0:43  Extractor  
  17  0:50  Drone  
  17  0:55  Spawning Pool  
  16  0:59  Drone  
  17  1:13  Drone  
  18  1:21  Overlord  
  18  1:38  Hatchery  
  18  1:39  Drone  
  18  1:45  Metabolic Boost  
  18  1:50  Drone  
  19  1:55  Drone  
  20  2:04  Queen  
  22  2:10  Zergling x2  
  23  2:29  Zergling x4  
  25  2:36  Roach Warren  
  24  2:40  Drone, Extractor  
  24  2:47  Overlord  
  24  2:58  Queen  
  26  3:10  Zergling x8  
  30  3:13  Zergling x4  
  32  3:37  Roach x5  
  42  3:49  Lair  
  37  4:30  Drone x2  
  37  4:31  Drone  
  40  4:36  Drone x3  
  43  4:56  Baneling Nest  
  42  5:01  Drone x3, Spire  
  44  5:07  Overlord x2  
  44  5:08  Overlord  
  44  5:31  Drone x6  
  50  5:36  Drone x2  
  50  5:38  Drone  
  50  5:40  Drone  
  54  5:43  Drone  
  54  5:46  Drone  
  56  5:50  Drone  
  57  6:13  Mutalisk  
  57  6:14  Mutalisk x3  
  57  6:17  Mutalisk  
  67  6:28  Extractor  
  67  6:30  Extractor  
  67  6:32  Zergling x4  
  67  6:33  Zergling x2  
  68  6:40  Overseer  
  67  7:35  Overlord x11  
  68  7:51  Zergling x2  
Show
View Real Time Build Order
Export as new Build Order

Smeeeger Zerg - Winner!

Build Orders: Hatch First 

Get SALT Encoding   

  12  0:01  Drone  
  13  0:14  Overlord  
  13  0:19  Drone  
  14  0:32  Drone x2  
  16  0:37  Overlord  
  16  0:48  Drone  
  17  1:04  Hatchery, Extractor  
  16  1:07  Drone  
  16  1:11  Drone  
  17  1:27  Spawning Pool  
  17  1:29  Drone  
  18  1:32  Drone  
  18  1:41  Drone  
  19  2:14  Zergling x6  
  22  2:15  Queen  
  22  2:16  Queen  
  22  2:21  Drone  
  27  2:27  Metabolic Boost  
  27  2:38  Drone  
  27  2:39  Drone x2  
  27  2:42  Overlord  
  30  2:51  Queen  
  30  2:56  Drone x2  
  34  3:07  Drone  
  34  3:08  Drone  
  36  3:20  Drone x4  
  36  3:25  Overlord x2  
  36  3:26  Drone x4  
  44  3:47  Roach Warren  
  43  3:49  Evolution Chamber  
  43  3:53  Zergling x2  
  43  3:54  Zergling x8  
  40  4:04  Zergling x2  
  40  4:05  Zergling x12  
  43  4:22  Queen  
  45  4:32  Drone  
  45  4:33  Hatchery, Drone x3  
  45  4:37  Lair  
  48  4:42  Roach  
  49  4:46  Drone, Overlord  
  50  4:57  Drone x2  
  52  5:01  Drone x3, Extractor  
  52  5:02  Extractor  
  53  5:08  Drone x2  
  55  5:19  Drone x2  
  57  5:25  Roach  
  57  5:27  Overlord  
  59  5:28  Roach  
  59  5:29  Drone, Roach  
  59  5:30  Drone  
  65  5:39  Roach  
  67  5:44  Glial Reconstitution  
  67  5:47  Queen  
  67  5:48  Roach, Overlord x2  
  71  5:57  Roach x3  
  77  6:08  Roach x3  
  83  6:12  Zergling x12  
  83  6:17  Overlord  
  89  6:20  Pneumatized Carapace  
  89  6:22  Queen  
  91  6:31  Drone x3  
  91  6:32  Roach, Drone  
  97  6:39  Drone x4  
  101  6:40  Overlord  
  105  6:47  Roach x2  
  104  6:55  Overlord x2  
  104  6:57  Overlord  
  104  7:06  Overlord x2  
  104  7:07  Roach x2  
  104  7:08  Roach  
  110  7:10  Roach  
  110  7:13  Roach  
  114  7:28  Spore Crawler x2  
  111  7:34  Spore Crawler  
  111  7:36  Spore Crawler x2, Drone x2  
  111  7:37  Spore Crawler, Drone x5  
  108  7:38  Drone  
  113  7:45  Roach x3  
  113  7:46  Queen  
  110  8:11  Drone  
  110  8:12  Drone x2, Hydralisk Den  
  113  8:13  Drone  
  113  8:14  Drone x2  
Tags
 
Add a new tag
Caveats
  • Supply blocks, unpowered buildings, or Contaminate may cause inaccurate times.
  • Supply counts are checked every 10 seconds.